 Dungeon Crawl Stone Soup version 0.27.1-34-g3ba077fa99 (webtiles) character file.

Game seed: 2039337999829381937

29 cyrus the Caller (level 3, -1/14 HPs)
             Began as a Felid Summoner on Jan 24, 2022.
             Slain by a ball python (2 damage)
             ... on level 1 of the Dungeon.
             The game lasted 00:09:25 (2327 turns).

cyrus the Caller (Felid Summoner)                   Turns: 2327, Time: 00:09:27

Health: -1/14      AC:  1    Str:  4    XL:     3   Next: 1%
Magic:  5/7        EV: 15    Int: 17    God:
Gold:   17         SH:  0    Dex: 16    Spells: 0/6 levels left
                                        Lives:  0   Deaths: 0

rFire    . . .     SeeInvis +   (weapon unavailable)
rCold    . . .     Faith    .   (shield unavailable)
rNeg     . . .     Spirit   .   (armour unavailable)
rPois    .         Reflect  .   (helmet unavailable)
rElec    .         Harm     .   (cloak unavailable)
rCorr    .         Rampage  .   (gloves unavailable)
Will     .....                  (boots unavailable)
Stlth    ++........             (no amulet)
HPRegen  0.04/turn              (no ring)
MPRegen  0.10/turn              (no ring)

@: constricted, quick
A: very small, claws 1, fangs 3, see invisible, speed 1, shaggy fur 1, stealthy
paws, no weapons or thrown items, no armour, multi-lived
a: no special abilities


You were on level 1 of the Dungeon.
You visited 1 branch of the dungeon, and saw 1 of its levels.

You collected 17 gold pieces.

Inventory:

Jewellery
 a - an amulet of regeneration
 c - a +4 ring of protection
Potions
 b - a potion of brilliance {unknown}


   Skills:
 + Level 3.3 Dodging
 + Level 3.0 Stealth
 + Level 0.4 Unarmed Combat
 + Level 2.2 Spellcasting
 + Level 4.4 Summonings


You couldn't memorise any spells.
You knew the following spells:

 Your Spells              Type           Power      Damage    Failure   Level
a - Summon Small Mammal   Summ           64%        N/A       3%          1
b - Call Imp              Summ           16%        N/A       4%          2
c - Summon Guardian Gole  Hex/Summ       9%         N/A       22%         3

Your spell library contained the following spells:

 Spells                   Type           Power      Damage    Failure   Level
 Call Canine Familiar     Summ           16%        N/A       10%         3
 Summon Lightning Spire   Summ/Air       9%         N/A       58%         4


Dungeon Overview and Level Annotations

Branches:
Dungeon (1/15)

Altars:


Innate Abilities, Weirdness & Mutations

You have sharp claws.
You have razor-sharp teeth.
You have supernaturally acute eyesight. (SInv)
You cover ground quickly. (Speed+)
You are covered in fur. (AC +1)
Your paws help you pounce on unaware monsters.
You are incapable of wielding weapons or throwing items.
You cannot wear armour.
You gain extra lives every three experience levels.


Message History

You finish memorising.
Spell assigned to 'c'.
Casting: Call Imp (safe; 4% risk of failure)
Confirm with . or Enter, or press ? or * to list all spells.
The spell is potentially lethal to cast (22% risk of failure)!
Continue anyway?
A guardian golem appears, shielding your allies.
Magic restored.
You swap places.
Things that are here:
a +0 short sword; 4 stones; a kobold corpse You swap places.
Your guardian golem disappears in a puff of smoke!
A ball python comes into view.
Casting: Summon Guardian Golem (potentially lethal; 22% risk of failure)
Confirm with . or Enter, or press ? or * to list all spells.
The spell is potentially lethal to cast (22% risk of failure)!
Continue anyway?
A guardian golem appears, shielding your allies. 2 ball pythons come into view.
You scratch the ball python.
You kill the ball python!
A ball python comes into view.
You see here a ball python corpse.
The ball python barely misses you. The ball python closely misses you.
The ball python hisses angrily.
The ball python hisses angrily.
The ball python bites you. The ball python misses you.
The ball python bites you. The ball python closely misses you.
The ball python misses you. The ball python closely misses you. x3
You scratch the plant.
The plant begins to die.
The plant is lightly damaged.
The ball python closely misses you. The ball python grabs you.
The ball python constricts you. The ball python closely misses you.
The ball python bites you.
* * * LOW HITPOINT WARNING * * *
You closely miss the ball python. Your bite misses the ball python.
The ball python closely misses you. The ball python constricts you.
* * * LOW HITPOINT WARNING * * *
The ball python bites you.
* * * LOW HITPOINT WARNING * * *
The ball python bites you.
You die...

#.###..... #.....#.#.
#####..... #.#.#. ##....
##+## ### ##.#. ##...##
####### #.## #..).
##.....## #P#P..###..##
##÷#. ##.......##
#.@S..##...# #..#
#.........#
##SS.P##...#####...
+..(......+
#..8...#...........
#.........#
#P#†#P##...###.....
##..[....######.###....#
#.##.. ##.....##
#.#..#.####.# #.###.
####.†.## #......## ###
#.#... #.....##
###.....# #####.#...
#.###.### #.#..##
#.....#...


You could see 3 ball pythons and a friendly guardian golem (summoned).

Vanquished Creatures
  A dart slug (D:1)
  2 ball pythons (D:1)
  An endoplasm (D:1)
  2 goblins (D:1)
  3 hobgoblins (D:1)
  A jackal (D:1)
  A kobold (D:1)
  2 quokkas (D:1)
  2 frilled lizards (D:1)
  4 rats (D:1)
19 creatures vanquished.

Vanquished Creatures (collateral kills)
  A dart slug (D:1)
  A bat (D:1)
  An endoplasm (D:1)
  A goblin (D:1)
  A hobgoblin (D:1)
  A jackal (D:1)
  4 kobolds (D:1)
10 creatures vanquished.

Grand Total: 29 creatures vanquished

Notes
Turn   | Place    | Note
-------+----------+-------------------------------------------
     0 | D:1      | cyrus the Felid Summoner began the quest for the Orb.
     0 | D:1      | Reached XP level 1. HP: 7/7 MP: 4/4
   233 | D:1      | Reached XP level 2. HP: 1/11 MP: 6/6
   641 | D:1      | Learned a level 2 spell: Call Imp
  2098 | D:1      | Reached XP level 3. HP: 7/14 MP: 3/7
  2268 | D:1      | Learned a level 3 spell: Summon Guardian Golem
  2327 | D:1      | Slain by a ball python

Illustrated notes

Levels and vault maps discovered:
D:1:      dpeg_arrival_renting, layout_loops_corners, st_stairs_11,
          minmay_splitting_lines, minmay_shallow_snake_nest

Skill      XL: |  1  2 |
---------------+-------+-----
Dodging        | 3 |  3.3
Stealth        | 3 |  3.0
Unarmed Combat | |  0.4
Spellcasting   | |  2.2
Summonings     | |  4.4

Action                   || total
-------------------------++-------
Melee: Unarmed           ||    85
       Bite              ||     7
 Cast: Summon Small Mamm ||     3
       Call Imp          ||    14
       Summon Guardian G ||     2
  Use: Scroll            ||     1
 Stab: Distracted        ||     2
Armor: Skin              ||     5
Dodge: Dodged            ||    82
